 Dungeon Crawl Stone Soup version 0.26-a0-682-g294304f6e8 (webtiles) character file.

Game seed: 13468528473895413918

557 Gargoyl the Skirmisher (level 7, -3/54 HPs)
             Began as a Gnoll Abyssal Knight on Oct 21, 2020.
             Was a Believer of Lugonu.
             Slain by Pikel
             ... wielding a +0 whip of electrocution
              (7 damage)
             ... on level 3 of the Dungeon.
             The game lasted 00:05:18 (3856 turns).

Gargoyl the Skirmisher (Gnoll Abyssal Knight)       Turns: 3856, Time: 00:05:18

Health: -3/54      AC:  9    Str: 15    XL:     7   Next: 30%
Magic:  11/11      EV: 11    Int: 15    God:    Lugonu [**....]
Gold:   247        SH:  0    Dex: 17    Spells: 10/10 levels left

rFire    . . .     SeeInvis +   a - +1 hand axe
rCold    . . .     Faith    .   (no shield)
rNeg     + . .     Spirit   .   k - +2 scale mail
rPois    .         Reflect  .   (no helmet)
rElec    +         Harm     .   (no cloak)
rCorr    .         Rampage  .   (no gloves)
MR       .....                  (no boots)
Stlth    +.........             (no amulet)
HPRegen  0.18/turn              c - ring of positive energy
MPRegen  0.12/turn              (no ring)

@: no status effects
A: distributed training, fangs 1, see invisible, agile 1, frail 1, electricity
resistance, strong nose
a: Depart the Abyss, Bend Space, Renounce Religion


You were on level 3 of the Dungeon.
You worshipped Lugonu.
Lugonu was pleased with you.
You visited 1 branch of the dungeon, and saw 4 of its levels.
You visited the Abyss 1 time.

You collected 247 gold pieces.

Inventory:

Hand Weapons
 a - a +1 hand axe (weapon)
 d - a +0 dagger of venom
Armour
 k - a +2 scale mail (worn)
Jewellery
 c - a ring of positive energy (left hand)
Wands
 e - a wand of acid (12)
Scrolls
 f - a scroll of remove curse
 h - a scroll of amnesia {unknown}
 i - 2 scrolls of identify
 l - a scroll of teleportation
Potions
 g - a potion of brilliance {unknown}
 j - a potion of berserk rage {unknown}


   Skills:
 + Level 7.0 Fighting
 + Level 2.4 Short Blades
 + Level 2.4 Long Blades
 + Level 5.2 Axes
 + Level 2.4 Maces & Flails
 + Level 2.4 Polearms
 + Level 2.4 Staves
 + Level 2.4 Slings
 + Level 2.4 Bows
 + Level 2.4 Crossbows
 + Level 2.4 Throwing
 + Level 5.2 Armour
 + Level 3.5 Dodging
 + Level 2.4 Stealth
 + Level 2.4 Shields
 + Level 2.4 Unarmed Combat
 + Level 2.4 Spellcasting
 + Level 2.0 Conjurations
 + Level 2.0 Hexes
 + Level 2.0 Summonings
 + Level 2.0 Necromancy
 + Level 2.0 Translocations
 + Level 2.0 Transmutations
 + Level 2.0 Fire Magic
 + Level 2.0 Ice Magic
 + Level 2.0 Air Magic
 + Level 2.0 Earth Magic
 + Level 2.0 Poison Magic
 + Level 5.3 Invocations
 + Level 2.4 Evocations


You had 10 spell levels left.
You didn't know any spells.
Your spell library was empty.

Dungeon Overview and Level Annotations

Branches:
Dungeon (4/15)
 Temple: D:4-7

Altars:
Fedhas
Gozag
Sif Muna
Vehumet
Yredelemnul

Annotations:
D:3 Pikel


Innate Abilities, Weirdness & Mutations

Your experience applies equally to all skills.
You have very sharp teeth.
Your uncanny sense of smell can sniff out nearby items.
You have supernaturally acute eyesight. (SInv)
You are agile. (Dex +2)
You are frail. (-10% HP)
You are resistant to electric shocks. (rElec)


Message History

You slash Pikel!
Pikel is moderately wounded.
Pikel hits you but does no damage.
You barely miss Pikel.
Pikel is moderately wounded.
Pikel misses you.
Unknown command.
You closely miss Pikel.
Pikel is moderately wounded.
Pikel hits you with a +0 whip of electrocution.
Unknown command.
You hit Pikel but do no damage.
Pikel is moderately wounded.
Pikel zaps a wand.
You are blasted!
* * * LOW HITPOINT WARNING * * *
Unknown command.
You closely miss Pikel. Your bite misses Pikel.
Pikel is moderately wounded.
Pikel hits you with a +0 whip of electrocution!
You die...

#.........# #.........# ####
#.........# ##... #.<.......#
##.... ###########........(#
#..... ...##.....#.........#
#..... ....................#
#..... ....................#####
#.....
.....###....####@###....####.....
.......##.....##K###[.....##.....
........##.....55................
.........##.........#....##5.....
..........##........#.##..##.....
#..........##......[..###........
##...)......###...#.....###......
.###..####..# #..........#####...
.# #..# ##.# ##...........######


You could see Pikel and 2 lemures.

Vanquished Creatures
  Sigmund (D:3)
  A phantom (D:4)
  An ogre (D:4)
  A hound (D:4)
  A bullfrog skeleton (D:4)
  6 adders
  2 worms
  4 dart slugs
  2 leopard geckos (D:1)
  3 orcs
  4 giant cockroaches
  12 goblins
  16 hobgoblins
  7 jackals
  8 kobolds
  A quokka (D:3)
  A ball python (D:3)
  7 bats
  8 frilled lizards
  13 rats
99 creatures vanquished.

Notes
Turn   | Place    | Note
-------+----------+-------------------------------------------
     0 | Abyss:1  | Gargoyl the Gnoll Abyssal Knight began the quest for the
                  | Orb.
     0 | Abyss:1  | Reached XP level 1. HP: 23/23 MP: 3/3
   131 | Abyss:2  | Noticed a bone dragon
   146 | Abyss:2  | Noticed a starcursed mass
   151 | D:1      | Escaped the Abyss
   359 | D:1      | Reached * piety under Lugonu
   361 | D:1      | Reached XP level 2. HP: 29/29 MP: 5/5
   578 | D:1      | Reached XP level 3. HP: 32/35 MP: 6/6
  1091 | D:2      | Reached skill level 1 in Short Blades
  1091 | D:2      | Reached skill level 1 in Long Blades
  1091 | D:2      | Reached skill level 1 in Maces & Flails
  1091 | D:2      | Reached skill level 1 in Polearms
  1091 | D:2      | Reached skill level 1 in Staves
  1091 | D:2      | Reached skill level 1 in Slings
  1091 | D:2      | Reached skill level 1 in Bows
  1091 | D:2      | Reached skill level 1 in Crossbows
  1091 | D:2      | Reached skill level 1 in Throwing
  1091 | D:2      | Reached skill level 1 in Stealth
  1091 | D:2      | Reached skill level 1 in Shields
  1091 | D:2      | Reached skill level 1 in Unarmed Combat
  1091 | D:2      | Reached skill level 1 in Spellcasting
  1091 | D:2      | Reached skill level 1 in Evocations
  1099 | D:2      | Reached XP level 4. HP: 19/41 MP: 7/7
  1543 | D:2      | Found a radiant altar of Vehumet.
  1576 | D:2      | Found an opulent altar of Gozag.
  1583 | D:2      | Reached ** piety under Lugonu
  1744 | D:2      | Found a shimmering blue altar of Sif Muna.
  1894 | D:2      | Reached skill level 1 in Conjurations
  1894 | D:2      | Reached skill level 1 in Hexes
  1894 | D:2      | Reached skill level 1 in Summonings
  1894 | D:2      | Reached skill level 1 in Necromancy
  1894 | D:2      | Reached skill level 1 in Translocations
  1894 | D:2      | Reached skill level 1 in Transmutations
  1894 | D:2      | Reached skill level 1 in Fire Magic
  1894 | D:2      | Reached skill level 1 in Ice Magic
  1894 | D:2      | Reached skill level 1 in Air Magic
  1894 | D:2      | Reached skill level 1 in Earth Magic
  1894 | D:2      | Reached skill level 1 in Poison Magic
  2047 | D:3      | Noticed Sigmund
  2072 | D:3      | Gained mutation: You are resistant to electric shocks.
                  | (rElec) [potion of mutation]
  2072 | D:3      | Gained mutation: You have supernaturally acute eyesight.
                  | (SInv) [potion of mutation]
  2072 | D:3      | Gained mutation: You are frail. (-10% HP) [potion of
                  | mutation]
  2072 | D:3      | Gained mutation: You are agile. (Dex +2) [potion of
                  | mutation]
  2074 | D:3      | Killed Sigmund
  2074 | D:3      | Reached skill level 5 in Invocations
  2074 | D:3      | Reached XP level 5. HP: 6/42 MP: 8/8
  2074 | D:3      | Reached XP level 6. HP: 7/47 MP: 9/9
  2623 | D:3      | Reached skill level 5 in Axes
  2623 | D:3      | Reached skill level 5 in Armour
  2789 | D:3      | Found a basalt altar of Yredelemnul.
  3187 | D:4      | Reached XP level 7. HP: 34/53 MP: 10/10
  3391 | D:4      | Found a blossoming altar of Fedhas.
  3460 | D:4      | Reached skill level 7 in Fighting
  3781 | D:4      | Noticed Pikel
  3856 | D:3      | Slain by Pikel

Illustrated notes

Levels and vault maps discovered:
D:1:      dpeg_arrival_fog, layout_loops_ring
D:2:      layout_basic, vehumet_crystals, marbit_many_paths,
          nicolae_gozag_seed_capital, due_unseen_surprise
D:3:      layout_rooms, lemuel_round_altar, chequers_serial_rivers_micro_b,
          nrook_mini_backslash, uniq_sigmund
D:4:      layout_gridville, lemuel_doored_altar, kennysheep_slug_shrine,
          uniq_pikel

Skill      XL: |  1  2  3  4  5  6  7 |
---------------+----------------------+-----
Short Blades   | 1 2 |  2.4
Long Blades    | 1 2 |  2.4
Maces & Flails | 1 2 |  2.4
Polearms       | 1 2 |  2.4
Staves         | 1 2 |  2.4
Slings         | 1 2 |  2.4
Bows           | 1 2 |  2.4
Crossbows      | 1 2 |  2.4
Throwing       | 1 2 |  2.4
Stealth        | 1 2 |  2.4
Shields        | 1 2 |  2.4
Unarmed Combat | 1 2 |  2.4
Spellcasting   | 1 2 |  2.4
Evocations     | 1 2 |  2.4
Conjurations   | 1 2 |  2.0
Hexes          | 1 2 |  2.0
Summonings     | 1 2 |  2.0
Necromancy     | 1 2 |  2.0
Translocations | 1 2 |  2.0
Transmutations | 1 2 |  2.0
Fire Magic     | 1 2 |  2.0
Ice Magic      | 1 2 |  2.0
Air Magic      | 1 2 |  2.0
Earth Magic    | 1 2 |  2.0
Poison Magic   | 1 2 |  2.0
Dodging        | 3 |  3.5
Invocations    | 5 |  5.3
Axes           | 5 |  5.2
Armour         | 5 |  5.2
Fighting       | 7 |  7.0

Action                   |  1- 3 |  4- 6 |  7- 9 || total
-------------------------+-------+-------+-------++-------
Melee: Hand axe          |    28 |       |    61 ||    89
       Dagger            |    75 |   207 |     2 ||   284
       Bite              |     9 |    27 |     9 ||    45
       Punch             |     1 |     2 |       ||     3
Invok: Depart the Abyss  |     1 |       |       ||     1
  Use: Scroll            |       |     8 |       ||     8
       Potion            |       |     4 |     1 ||     5
Armor: Leather armour    |    25 |       |       ||    25
       Scale mail        |    15 |    96 |    27 ||   138
Dodge: Dodged            |   106 |   139 |    33 ||   278

Table legend: (Time is in decaauts)
 A = Elapsed time spent in this place.
 B = Non-inter-level travel time spent in this place.
 C = Inter-level travel time spent in this place.
 D = Time resting spent in this place.
 E = Time spent auto-exploring this place.
 F = Levels seen in this place.
 G = Mean time per level.
                   A        B        C        D        E       F      G
               +--------+--------+--------+--------+--------+-----+--------+
         Total |   3841 |   3808 |     33 |    597 |   2248 |   6 |  640.2 |
       Dungeon |   3691 |   3658 |     33 |    597 |   2129 |   4 |  922.8 |
         Abyss |    150 |    150 |      0 |      0 |    119 |   2 |   75.0 |
               +--------+--------+--------+--------+--------+-----+--------+

Top non-repeatable levels by time:
     D:2: 1137 daAuts
     D:1: 911 daAuts
     D:4: 849 daAuts
     D:3: 792 daAuts
 Abyss:1: 106 daAuts
 Abyss:2: 44 daAuts
